IL
SALT LAKE BEES @ CHARLOTTE KNIGHTS
09/20/2045
 
TOP OF THE 1ST
Salt Lake Bees batting - Pitching for Charlotte Knights : RHP Andy Gibson
Pitching: RHP Andy Gibson
Batting: RHB Bjoern Waltersson 0-0: Called Strike
0-1: Called Strike
0-2: Ball
1-2: Foul Ball, location: 2F
1-2: Ball
2-2: Strikes out looking
Batting: RHB Melvin Gomez 0-0: Ball
1-0: Called Strike
1-1: Foul Ball, location: 2F
1-2: Ball
2-2: Foul Ball, location: 2F
2-2: Foul Ball, location: 2F
2-2: Strikes out swinging
Batting: LHB Vinny Carreno 0-0: Swinging Strike
0-1: Ball
1-1: Ground out 1-3 (Groundball, 34S, EV 66.9 MPH)
Top of the 1st over - 0 runs, 0 hits, 0 errors, 0 left on base; Salt Lake 0 - Charlotte 0
BOTTOM OF THE 1ST
Charlotte Knights batting - Pitching for Salt Lake Bees : LHP Curt Joseph
Pitching: LHP Curt Joseph
Batting: RHB Steve Martin 0-0: Ball
1-0: Foul Ball, location: 2F
1-1: Ground out 6-3 (Groundball, 6, EV 79.4 MPH)
Batting: RHB Brad Boals 0-0: Ball
1-0: Called Strike
1-1: Foul Ball, location: 2F
1-2: Foul Ball, location: 2F
1-2: Ball
2-2: Fly out, F8 (Flyball, 8LD, EV 98.1 MPH)
Batting: LHB Angel Tellez 0-0: Called Strike
0-1: Ball
1-1: Ball
2-1: Foul Ball, location: 2F
2-2: Ball
3-2: Foul Ball, location: 2F
3-2: Base on Balls
Batting: RHB Micah Brown 0-0: Swinging Strike
0-1: Ball
1-1: Called Strike
1-2: Ground out 6-3 (Groundball, 6M, EV 78.8 MPH)
Bottom of the 1st over - 0 runs, 0 hits, 0 errors, 1 left on base; Salt Lake 0 - Charlotte 0
TOP OF THE 2ND
Salt Lake Bees batting - Pitching for Charlotte Knights : RHP Andy Gibson
Batting: RHB Andres Mendiola 0-0: Ball
1-0: Ball
2-0: Ground out 5-3 (Groundball, 5S, EV 65.0 MPH)
Batting: RHB Jeff Long 0-0: Ball
1-0: Called Strike
1-1: Ball
2-1: Ball
3-1: Foul Ball, location: 2F
3-2: Strikes out looking
Batting: RHB Guillermo Mojica 0-0: Called Strike
0-1: Foul Ball, location: 2F
0-2: Ball
1-2: Strikes out looking
Top of the 2nd over - 0 runs, 0 hits, 0 errors, 0 left on base; Salt Lake 0 - Charlotte 0
BOTTOM OF THE 2ND
Charlotte Knights batting - Pitching for Salt Lake Bees : LHP Curt Joseph
Batting: RHB Doug Lane 0-0: Called Strike
0-1: Ball
1-1: Ball
2-1: Called Strike
2-2: Foul Ball, location: 2F
2-2: Foul Ball, location: 2F
2-2: Foul Ball, location: 2F
2-2: Ball
3-2: Base on Balls
Batting: RHB Herb Craig 0-0: Foul Ball, location: 2F
0-1: Ball
1-1: Ball
2-1: Ball
3-1: Foul Ball, location: 2F
3-2: Fielders Choice at 2nd, 6-4 (Groundball, 6, EV 82.5 MPH)
Batting: LHB John Thurman 0-0: Called Strike
0-1: Ball
1-1: Ball
2-1: Fly out, F8 (Flyball, 8LXD, EV 103.8 MPH)
Batting: LHB James Betron 0-0: Called Strike
0-1: Swinging Strike
0-2: Strikes out swinging
Bottom of the 2nd over - 0 runs, 0 hits, 0 errors, 1 left on base; Salt Lake 0 - Charlotte 0
TOP OF THE 3RD
Salt Lake Bees batting - Pitching for Charlotte Knights : RHP Andy Gibson
Batting: SHB Brendan Bundy 0-0: Ball
1-0: SINGLE (Groundball, 34D, EV 110.6 MPH) (infield hit)
Batting: RHB Juan Rosa 0-0: Ball
1-0: Ball
2-0: Called Strike
2-1: Ball
3-1: SINGLE (Line Drive, 5L, EV 99.4 MPH)
Brendan Bundy to second
Batting: RHB Justin Noll 0-0: Swinging Strike
0-1: Ball
1-1: Swinging Strike
1-2: Ball
2-2: Strikes out looking
Batting: RHB Bjoern Waltersson 0-0: Ball
1-0: Swinging Strike
1-1: Foul Ball, location: 2F
1-2: SINGLE (Line Drive, 78S, EV 86.9 MPH)
Brendan Bundy to third
Juan Rosa to second
Throwing error, E7
Brendan Bundy scores
Juan Rosa to third
Bjoern Waltersson to second
Batting: RHB Melvin Gomez 0-0: Ball
1-0: Called Strike
1-1: Ball
2-1: Ground out 6-3 (Groundball, 6M, EV 102.5 MPH)
Juan Rosa scores
Bjoern Waltersson to third
Batting: LHB Vinny Carreno 0-0: Foul Ball, location: 2F
0-1: Foul Ball, location: 2F
0-2: Strikes out swinging
Top of the 3rd over - 2 runs, 3 hits, 1 error, 1 left on base; Salt Lake 2 - Charlotte 0
BOTTOM OF THE 3RD
Charlotte Knights batting - Pitching for Salt Lake Bees : LHP Curt Joseph
Batting: RHB Rafael Cruz 0-0: Ball
1-0: Ball
2-0: Ball
3-0: Called Strike
3-1: Foul Ball, location: 2F
3-2: Base on Balls
Batting: RHB Steve Martin 0-0: Foul Ball, location: 2F
0-1: Ball
1-1: Ball
2-1: Ball
3-1: Called Strike
3-2: Foul Ball, location: 2F
3-2: Base on Balls
Rafael Cruz to second
Batting: RHB Brad Boals 0-0: Called Strike
0-1: Ball
1-1: Grounds into double play, 5-4-3 (Groundball, 5, EV 88.8 MPH)
Rafael Cruz to third
Batting: LHB Angel Tellez 0-0: Ball
1-0: SINGLE (Groundball, 34S, EV 69.4 MPH) (infield hit)
Rafael Cruz scores
Batting: RHB Micah Brown 0-0: Foul Ball, location: 2F
0-1: Ball
1-1: SINGLE (Groundball, 56D, EV 105.6 MPH)
Angel Tellez to second
Batting: RHB Doug Lane 0-0: Foul Ball, location: 2F
0-1: Ball
1-1: Ball
2-1: Ball
3-1: Called Strike
3-2: Strikes out looking
Bottom of the 3rd over - 1 run, 2 hits, 0 errors, 2 left on base; Salt Lake 2 - Charlotte 1
TOP OF THE 4TH
Salt Lake Bees batting - Pitching for Charlotte Knights : RHP Andy Gibson
Batting: RHB Andres Mendiola 0-0: Foul Ball, location: 2F
0-1: Called Strike
0-2: Strikes out swinging
Batting: RHB Jeff Long 0-0: Ball
1-0: Ball
2-0: Ground out 5-3 (Groundball, 56S, EV 70.0 MPH)
Batting: RHB Guillermo Mojica 0-0: Called Strike
0-1: Ball
1-1: Foul Ball, location: 2F
1-2: Ball
2-2: Ball
3-2: Base on Balls
Batting: SHB Brendan Bundy 0-0: Called Strike
0-1: Ball
1-1: Ground out U3 (Groundball, 3S, EV 82.5 MPH)
Top of the 4th over - 0 runs, 0 hits, 0 errors, 1 left on base; Salt Lake 2 - Charlotte 1
BOTTOM OF THE 4TH
Charlotte Knights batting - Pitching for Salt Lake Bees : LHP Curt Joseph
Batting: RHB Herb Craig 0-0: Foul Ball, location: 2F
0-1: Foul Ball, location: 2F
0-2: Hit by Pitch
Batting: LHB John Thurman 0-0: Fielders Choice at 2nd, 4-6 (Groundball, 4M, EV 81.9 MPH)
Batting: LHB James Betron 0-0: Called Strike
0-1: Ball
1-1: Reached on error, E3 (Groundball, 3S, EV 80.6 MPH)
John Thurman to second
Batting: RHB Rafael Cruz 0-0: Called Strike
0-1: Ball
1-1: Ball
2-1: Called Strike
2-2: SINGLE (Groundball, 6S, EV 74.4 MPH) (infield hit)
John Thurman to third
James Betron to second
Batting: RHB Steve Martin 0-0: Ball
1-0: Ball
2-0: Called Strike
2-1: SINGLE (Groundball, 4S, EV 69.4 MPH) (infield hit)
John Thurman scores
James Betron to third
Rafael Cruz to second
Batting: RHB Brad Boals 0-0: Ball
1-0: Ball
2-0: Ball
3-0: Called Strike
3-1: Foul Ball, location: 2F
3-2: Base on Balls
James Betron scores
Rafael Cruz to third
Steve Martin to second
Batting: LHB Angel Tellez 0-0: Ball
1-0: Ball
2-0: SINGLE (Groundball, 4MD, EV 100.6 MPH)
Rafael Cruz scores
Steve Martin to third
Brad Boals to second
Runner from 3rd tries for Home, SAFE, throw by CF to home
Batting: RHB Micah Brown 0-0: Fly out, F3 (Popup, 23F, EV 80.0 MPH)
Batting: RHB Doug Lane 0-0: Ball
1-0: Called Strike
1-1: Foul Ball, location: 2F
1-2: Fielders Choice at 2nd, 6-4 (Groundball, 6, EV 83.8 MPH)
Bottom of the 4th over - 4 runs, 3 hits, 1 error, 2 left on base; Salt Lake 2 - Charlotte 5
TOP OF THE 5TH
Salt Lake Bees batting - Pitching for Charlotte Knights : RHP Andy Gibson
Batting: RHB Juan Rosa 0-0: Called Strike
0-1: Ball
1-1: Called Strike
1-2: Ball
2-2: Strikes out swinging
Batting: RHB Justin Noll 0-0: Ball
1-0: Swinging Strike
1-1: Ground out 4-3 (Groundball, 4, EV 84.4 MPH)
Batting: RHB Bjoern Waltersson 0-0: Foul Ball, location: 2F
0-1: Called Strike
0-2: SINGLE (Line Drive, 78M, EV 93.8 MPH)
Batting: RHB Melvin Gomez 0-0: Called Strike
0-1: Ball
1-1: Swinging Strike
1-2: Foul Ball, location: 2F
1-2: Ball
2-2: DOUBLE (Line Drive, 7LM, EV 97.5 MPH)
Bjoern Waltersson to third
Runner from 3rd tries for Home, SAFE, no throw by LF
Batting: LHB Vinny Carreno 0-0: Ball
1-0: Foul Ball, location: 2F
1-1: Ball
2-1: Fly out, F8 (Line Drive, 8LD, EV 99.4 MPH)
Top of the 5th over - 1 run, 2 hits, 0 errors, 1 left on base; Salt Lake 3 - Charlotte 5
BOTTOM OF THE 5TH
Charlotte Knights batting - Pitching for Salt Lake Bees : LHP Curt Joseph
Pitching: RHP Jose Alvarado
Batting: RHB Herb Craig 0-0: Ball
1-0: Swinging Strike
1-1: Swinging Strike
1-2: Fly out, F9 (Flyball, 89D, EV 97.5 MPH)
Batting: LHB John Thurman 0-0: Fly out, F8 (Flyball, 78XD, EV 109.4 MPH)
Batting: LHB James Betron 0-0: Ball
1-0: Foul Ball, location: 2F
1-1: Foul Ball, location: 2F
1-2: Ball
2-2: Ball
3-2: Base on Balls
Batting: RHB Rafael Cruz 0-0: Called Strike
James Betron steals 2nd base (no throw)
0-1: SINGLE (Groundball, 56D, EV 93.8 MPH)
James Betron to third
Runner from 3rd tries for Home, throw by LF and OUT! 7-2
Bottom of the 5th over - 0 runs, 1 hit, 0 errors, 1 left on base; Salt Lake 3 - Charlotte 5
TOP OF THE 6TH
Salt Lake Bees batting - Pitching for Charlotte Knights : RHP Andy Gibson
Batting: RHB Andres Mendiola 0-0: Called Strike
0-1: Ball
1-1: Called Strike
1-2: SINGLE (Line Drive, 89S, EV 90.0 MPH)
Batting: RHB Jeff Long 0-0: Ball
1-0: Ball
2-0: Ball
3-0: Foul Ball, location: 2F
3-1: Called Strike
3-2: Foul Ball, location: 2F
3-2: Foul Ball, location: 2F
3-2: Strikes out looking
Pitching: RHP William Cordero
Batting: RHB Guillermo Mojica 0-0: Swinging Strike
0-1: Ball
1-1: Ball
2-1: Grounds into double play, 5-4-3 (Groundball, 5, EV 83.1 MPH)
Top of the 6th over - 0 runs, 1 hit, 0 errors, 0 left on base; Salt Lake 3 - Charlotte 5
BOTTOM OF THE 6TH
Charlotte Knights batting - Pitching for Salt Lake Bees : RHP Jose Alvarado
Batting: RHB Steve Martin 0-0: Ball
1-0: Called Strike
1-1: Called Strike
1-2: Ball
2-2: Ball
3-2: Base on Balls
Pitching: RHP Bartholomeu Voivodic
Batting: RHB Brad Boals 0-0: Ball
1-0: Swinging Strike
1-1: Ball
2-1: Called Strike
2-2: Ball
3-2: Base on Balls
Steve Martin to second
Batting: LHB Angel Tellez 0-0: Ball
1-0: Swinging Strike
1-1: Swinging Strike
1-2: Foul Ball, location: 2F
1-2: Foul Ball, location: 2F
1-2: Ball
2-2: Foul Ball, location: 2F
2-2: Ball
3-2: Fly out, F7 (Flyball, 7LS, EV 91.2 MPH)
Batting: RHB Micah Brown 0-0: SINGLE (Groundball, 34D, EV 99.4 MPH)
Steve Martin to third
Brad Boals to second
Runner from 3rd tries for Home, SAFE, throw by RF to home
Batting: RHB Doug Lane 0-0: Ball
1-0: Ball
2-0: Called Strike
2-1: Ball
3-1: Base on Balls
Brad Boals to third
Micah Brown to second
Pitching: LHP Cody Bodenhamer
Batting: RHB Herb Craig 0-0: Ball
1-0: Fly out, F4 (Popup, 4M, EV 74.4 MPH)
Batting: LHB John Thurman 0-0: Called Strike
0-1: Ball
1-1: Ball
2-1: Fly out, F7 (Line Drive, 7, EV 95.0 MPH)
Bottom of the 6th over - 1 run, 1 hit, 0 errors, 3 left on base; Salt Lake 3 - Charlotte 6
TOP OF THE 7TH
Salt Lake Bees batting - Pitching for Charlotte Knights : RHP William Cordero
Batting: SHB Brendan Bundy 0-0: Ball
1-0: Ball
2-0: Ground out 4-3 (Groundball, 4M, EV 83.1 MPH)
Batting: RHB Juan Rosa 0-0: Called Strike
0-1: Ground out 4-3 (Groundball, 4D, EV 93.1 MPH)
Batting: RHB Justin Noll 0-0: Ball
1-0: Called Strike
1-1: Ground out 3-1 (Groundball, 34S, EV 94.4 MPH)
Top of the 7th over - 0 runs, 0 hits, 0 errors, 0 left on base; Salt Lake 3 - Charlotte 6
BOTTOM OF THE 7TH
Charlotte Knights batting - Pitching for Salt Lake Bees : LHP Cody Bodenhamer
Batting: LHB James Betron 0-0: Ball
1-0: Swinging Strike
1-1: SINGLE (Groundball, 6MD, EV 96.2 MPH)
Batting: RHB Rafael Cruz 0-0: Ball
1-0: Ball
2-0: Fly out, F8 (Line Drive, 8RD, EV 92.5 MPH)
Batting: RHB Steve Martin 0-0: Called Strike
0-1: Swinging Strike
0-2: Ball
1-2: Foul Ball, location: 2F
1-2: Ball
James Betron steals 2nd base
2-2: Foul Ball, location: 2F
2-2: Ball
3-2: Base on Balls
Pitching: RHP Dave Thomas
Batting: RHB Brad Boals 0-0: Swinging Strike
0-1: Foul Ball, location: 2F
0-2: SINGLE (Groundball, 56S, EV 69.4 MPH) (infield hit)
James Betron to third
Steve Martin to second
Batting: LHB Angel Tellez 0-0: Fly out, F8 (Flyball, 8LD, EV 90.6 MPH)
Batting: RHB Micah Brown 0-0: SINGLE (Flyball, 4MD, EV 96.9 MPH)
James Betron scores
Steve Martin to third
Brad Boals to second
Runner from 3rd tries for Home, SAFE, throw by CF to home
Batting: RHB Doug Lane 0-0: Ball
1-0: Ball
2-0: Ball
3-0: Base on Balls
Brad Boals to third
Micah Brown to second
Batting: RHB Herb Craig 0-0: Ball
1-0: Ball
2-0: Called Strike
2-1: Called Strike
2-2: Ball
3-2: SINGLE (Groundball, 34S, EV 74.4 MPH) (infield hit)
Brad Boals scores
Micah Brown to third
Doug Lane to second
Batting: LHB John Thurman 0-0: Ground out 4-3 (Groundball, 4, EV 82.5 MPH)
Bottom of the 7th over - 3 runs, 4 hits, 0 errors, 3 left on base; Salt Lake 3 - Charlotte 9
TOP OF THE 8TH
Salt Lake Bees batting - Pitching for Charlotte Knights : RHP William Cordero
Batting: RHB Bjoern Waltersson 0-0: Fly out, F6 (Line Drive, 6, EV 71.2 MPH)
Batting: RHB Melvin Gomez 0-0: Ball
1-0: Ground out 6-3 (Groundball, 6, EV 98.1 MPH)
Batting: LHB Vinny Carreno 0-0: Ball
1-0: Called Strike
1-1: Ball
2-1: Ball
3-1: Foul Ball, location: 2F
3-2: Foul Ball, location: 2F
3-2: Strikes out swinging
Top of the 8th over - 0 runs, 0 hits, 0 errors, 0 left on base; Salt Lake 3 - Charlotte 9
BOTTOM OF THE 8TH
Charlotte Knights batting - Pitching for Salt Lake Bees : RHP Dave Thomas
Batting: LHB James Betron 0-0: Ball
1-0: Swinging Strike
1-1: Ball
2-1: SINGLE (Groundball, 4MD, EV 106.9 MPH)
Batting: RHB Rafael Cruz 0-0: Ball
1-0: Called Strike
James Betron steals 2nd base (no throw)
1-1: Swinging Strike
1-2: Ball
2-2: Ball
3-2: Fly out, F9 (Flyball, 9S, EV 83.8 MPH)
Batting: RHB Steve Martin 0-0: Ball
Passed Ball!
James Betron to third
1-0: Ground out 6-3 (Groundball, 6M, EV 98.8 MPH)
James Betron scores
Batting: RHB Brad Boals 0-0: Ball
1-0: Foul Ball, location: 2F
1-1: Ball
2-1: Ball
3-1: Base on Balls
Batting: LHB Angel Tellez 0-0: Foul Ball, location: 2F
0-1: SINGLE (Groundball, 6M, EV 98.8 MPH) (infield hit)
Brad Boals to second
Batting: RHB Micah Brown 0-0: Foul Ball, location: 2F
0-1: Fly out, F8 (Flyball, 8RD, EV 91.2 MPH)
Bottom of the 8th over - 1 run, 2 hits, 0 errors, 2 left on base; Salt Lake 3 - Charlotte 10
TOP OF THE 9TH
Salt Lake Bees batting - Pitching for Charlotte Knights : RHP William Cordero
Batting: RHB Andres Mendiola 0-0: Ball
1-0: Called Strike
1-1: Ball
2-1: Swinging Strike
2-2: Strikes out swinging
Batting: RHB Jeff Long 0-0: Called Strike
0-1: Ball
1-1: Ground out 5-3 (Groundball, 5, EV 85.0 MPH)
Batting: RHB Guillermo Mojica 0-0: Foul Ball, location: 2F
0-1: Foul Ball, location: 2F
0-2: Ball
1-2: Strikes out looking
Top of the 9th over - 0 runs, 0 hits, 0 errors, 0 left on base; Salt Lake 3 - Charlotte 10
Wednesday, June 22nd , 2022 - OOTP Baseball 23.4 Build 64